 Dungeon Crawl Stone Soup version 0.32-a0-132-g2d33c3cfaf (webtiles) character file.

Game seed: 4735951725794861374

93990 jasper the Eclecticist (level 15, -10/97 HPs)
             Began as a Deep Elf Earth Elementalist on Feb 10, 2024.
             Was a High Priest of Vehumet.
             Mangled by a stone giant (23 damage)
             ... on level 15 of the Dungeon.
             The game lasted 00:43:40 (29917 turns).

jasper the Eclecticist (DEEE)                      Turns: 29917, Time: 00:43:40

Health: -10/97     AC: 12    Str:  5    XL:     15   Next: 62%
Magic:  19/36      EV: 19    Int: 34    God:    Vehumet [*****.]
Gold:   210        SH:  0    Dex: 15    Spells: 7/45 levels left

rFire   + . .        b - +3 Elemental Staff {ele, rElec rF+ rC+ AC+3}
rCold   + . .        (no shield)
rNeg    . . .        a - +0 robe
rPois   .            B - +2 helmet
rElec   +            n - +0 cloak
rCorr   .            D - +2 pair of gloves
SInv    .            (no boots)
Will    +....        P - amulet of magic regeneration
Stlth   ++           U - +6 ring of intelligence
HPRegen 0.36/turn    (no ring)
MPRegen 0.65/turn

%: no passive effects
@: studying 2 skills
A: no striking features
a: Renounce Religion


You were on level 15 of the Dungeon.
You worshipped Vehumet.
Vehumet was extremely pleased with you.
You visited 4 branches of the dungeon, and saw 23 of its levels.
You also visited: Sewer.

You collected 2346 gold pieces.
You spent 2136 gold pieces at shops.

Inventory:

Hand Weapons
 b - the +3 Elemental Staff (weapon) {ele, rElec rF+ rC+ AC+3}
   (You acquired it on level 9 of the Dungeon)

   AC+3:      It affects your AC (+3).
   rF+:       It protects you from fire.
   rC+:       It protects you from cold.
   rElec:     It insulates you from electricity.
 d - a +1 short sword of venom
 k - a +0 long sword
 p - a +0 dagger of draining
Missiles
 C - 5 throwing nets
 L - 5 curare-tipped darts
Armour
 a - a +0 robe (worn)
 g - an orb of energy
 n - a +0 cloak (worn)
 B - a +2 helmet (worn)
 D - a +2 pair of gloves (worn)
 I - a +0 hat of stealth
Jewellery
 P - an amulet of magic regeneration (around neck)
 S - a ring of wizardry
 U - a +6 ring of intelligence (left hand)
Talismans
 x - a serpent talisman
Wands
 e - a wand of light (8)
 r - a wand of flame (26)
 z - a wand of iceblast (6)
 F - a wand of paralysis (20)
 H - a wand of mindburst (10)
 J - a wand of polymorph (16)
Scrolls
 c - 7 scrolls of immolation
 f - 7 scrolls of fog
 v - 2 scrolls of brand weapon
 w - 7 scrolls of teleportation
 y - 2 scrolls of revelation
 M - 3 scrolls of silence
 N - a scroll of enchant weapon
 Q - a scroll of fear
 R - 2 scrolls of blinking
 V - a scroll of enchant armour
 W - a scroll of summoning
 X - a scroll of amnesia {unknown}
Potions
 h - a potion of ambrosia
 i - 3 potions of enlightenment
 j - 11 potions of haste
 l - 8 potions of lignification
 m - 12 potions of curing
 o - 4 potions of degeneration
 q - 9 potions of invisibility
 s - 7 potions of mutation
 t - 7 potions of might
 u - 6 potions of brilliance
 A - 4 potions of attraction
 E - a potion of resistance
 G - 3 potions of magic
 O - 3 potions of heal wounds
 T - 2 potions of cancellation
Miscellaneous
 K - a condenser vane


   Skills:
 + Level 12.7 Fighting
 - Level 5.0 Staves
 - Level 13.0 Dodging
 - Level 2.4 Stealth
 * Level 15.8 Spellcasting
 * Level 15.1 Conjurations
 - Level 5.0 Hexes
 - Level 5.0 Fire Magic
 - Level 5.0 Ice Magic
 - Level 5.0 Air Magic
 - Level 7.0 Earth Magic
 - Level 4.0 Alchemy


You had 7 spell levels left.
You knew the following spells:

 Your Spells              Type           Power      Damage    Failure   Level
a - Sandblast             Erth           100%       2d20      1%          1
b - Passwall              Erth           84%        N/A       1%          3
c - Stone Arrow           Conj/Erth      100%       3d13      1%          3
d - Mephitic Cloud        Conj/Alch/Air  89%        N/A       1%          3
e - Fulminant Prism       Conj/Alch      37%        3d17      1%          4
f - Freezing Cloud        Conj/Ice/Air   56%        6-21      1%          5
g - Fireball              Conj/Fire      48%        3d19      1%          5
h - Orb of Destruction    Conj           46%        9d12      1%          7
i - Yara's Violent Unrav  Hex/Alch       27%        3d12      1%          5
j - Blink                 Tloc           52%        N/A       2%          2

Your spell library contained the following spells:

 Spells                   Type           Power      Damage    Failure   Level
 Ozocubu's Refrigeration  Ice            37%        4d15      36%         7
 Magic Dart               Conj           100%       1d8       0%          1
 Searing Ray              Conj           100%       2d8       0%          2
 Necrotise                Necr           100%       1d9       1%          1
 Mercury Vapours          Alch/Air       100%       N/A       1%          2
 Momentum Strike          Conj/Tloc      100%       3d10      1%          2
 Dazzling Flash           Conj/Hex       100%       N/A       1%          3
 Summon Ice Beast         Ice/Summ       60%        N/A       1%          3
 Tukima's Dance           Hex            57%        N/A       1%          3
 Volatile Blastmotes      Fire/Tloc      100%       2d18      1%          3
 Brom's Barrelling Bould  Conj/Erth      100%       2d11      1%          4
 Iskenderun's Mystic Bla  Conj/Tloc      68%        2d14      1%          4
 Petrify                  Alch/Erth      77%        N/A       1%          4
 Irradiate                Conj/Alch      37%        3d24      1%          5
 Starburst                Conj/Fire      48%        6d13      1%          6
 Lesser Beckoning         Tloc           52%        N/A       2%          2
 Sublimation of Blood     Necr           26%        N/A       2%          2
 Vampiric Draining        Necr           26%        2d7       4%          3
 Dimensional Bullseye     Hex/Tloc       21%        N/A       5%          4
 Eringya's Noxious Bog    Alch           26%        4d6       12%         6
 Martyr's Knell           Necr/Summ      26%        N/A       14%         4
 Passage of Golubria      Tloc           26%        N/A       14%         4
 Summon Mana Viper        Hex/Summ       43%        N/A       14%         5
 Curse of Agony           Necr           26%        N/A       38%         5
 Summon Forest            Summ/Tloc      13%        N/A       38%         5
 Monstrous Menagerie      Summ           13%        N/A       100%        7
 Summon Hydra             Summ           13%        N/A       100%        7
 Maxwell's Capacitive Co  Air            37%        ∞         95%         8


Dungeon Overview and Level Annotations

Branches:
Dungeon (15/15)            Temple (1/1) D:4            Lair (5/5) D:9
  Swamp (0/4) Lair:3       Spider (0/4) Lair:2        Slime (0/5) Lair:4
    Orc (2/2) D:11            Elf (0/3) Orc:2        Vaults (0/5) D:13
 Depths (0/4) D:15          Sewer (visited)

Altars:
Ashenzari
Cheibriados
Dithmenos
Elyvilon
Fedhas
Gozag
Hepliaklqana
Kikubaaqudgha
Makhleb
Nemelex Xobeh
Okawaru
Qazlal
Ru
Sif Muna
Trog
Uskayaw
Vehumet
Wu Jian
Xom
Yredelemnul
Zin
The Shining One
Lugonu

Shops:
D:12 =:!   D:14 :   Orc:2 ([*!!

Portals:
Abyss: Lair:5

Annotations:
D:3 1 transporter, Ijyb; Krumphau's ghost, amateur DsMo; Robin
Lair:3 3 runed translucent doors, Ceno's ghost, journeyman OpSh


Message History

The tengu warrior is engulfed in freezing vapours.
You now have 27/36 mp.
Aiming: Stone Arrow (safe; 1% risk of failure)
Press: ? - help, Q - select action, (/) - cycle Shift-Dir - straight line, f/p - tengu warrior
Aim: a tengu warrior, wielding a +0 arbalest and wearing a +0 ring mail (freezing vapour, severely wounded, 61% to hit)
You feel a surge of power!
The stone arrow hits the stone giant!
The stone giant is moderately wounded.
The stone giant is engulfed in freezing vapours.
The tengu warrior is engulfed in freezing vapours.
You now have 24/36 mp.
Aiming: Stone Arrow (safe; 1% risk of failure)
Press: ? - help, Q - select action, (/) - cycle Shift-Dir - straight line, f/p - tengu warrior
Aim: a tengu warrior, wielding a +0 arbalest and wearing a +0 ring mail (freezing vapour, severely wounded, 61% to hit)
You feel a surge of power!
The stone arrow hits the stone giant!
The stone giant is heavily wounded.
The stone giant is engulfed in freezing vapours.
The stone giant hits you!!
The tengu warrior is engulfed in freezing vapours.
You kill the tengu warrior!
Vehumet accepts your kill.
You feel your power returning.
You take 35 damage, and have 35/97 hp.
MASSIVE DAMAGE!!
Aiming: Stone Arrow (safe; 1% risk of failure)
Press: ? - help, Q - select action, (/) - cycle Shift-Dir - straight line, f - stone giant
Aim: a stone giant, quivering large rocks (freezing vapour, severely wounded, 100% to hit)
You feel a surge of power!
The stone arrow hits the stone giant!
The stone giant is almost dead.
The stone giant is engulfed in freezing vapours.
The stone giant hits you!!
* * * LOW HITPOINT WARNING * * *
You take 23 damage, and have 12/97 hp.
MASSIVE DAMAGE!!
You now have 22/36 mp.
Aiming: Stone Arrow (safe; 1% risk of failure)
Press: ? - help, Q - select action, (/) - cycle Shift-Dir - straight line, f/p - stone giant
Aim: a stone giant, quivering large rocks (freezing vapour, almost dead, 100% to hit)
You feel a surge of power!
The stone arrow hits the stone giant but does no damage.
The stone giant is almost dead.
The stone giant is engulfed in freezing vapours.
The stone giant hits you!!
You die...

############
#@..)....≈≈#
#C###≈≈≈#.≈# ##
#§ß #......### #.
#§§§#..≈##.'.## #.
#§ß§#......#..###.
#§###≈≈≈#.≈#......
#§§......≈≈######.
############ #.
###.


You could see a stone giant.

Vanquished Creatures
  Gastronok (Lair:1)
  Josephine (D:14)
  2 vault guards (D:13)
  Harold (Lair:2)
  8 hydras
  An ogre mage (Orc:2)
  An ironbound frostheart (D:13)
  5 centaur warriors
  4 boulder beetles
  10 two-headed ogres
  Urug (Lair:1)
  2 tengu warriors (D:15)
  3 orc high priests (Orc:2)
  3 skysharks (Lair:2)
  4 thrashing horrors (Lair:5)
  5 skeletal warriors
  4 large abominations (Lair:5)
  6 orc knights (Orc:2)
  3 deep elf pyromancers (D:12)
  12 ugly things
  4 orc sorcerers
  3 manticores
  An oklob plant (Lair:3)
  A meliai (shapeshifter) (Lair:5)
  5 kobold blastminers (Orc:2)
  6 cyclopes
  4 elephants (Lair:2)
  4 gargoyles
  A smoke demon (Lair:5)
  2 black mambas
  A guardian serpent (shapeshifter) (D:13)
  Jeremiah (D:7)
  Maggie (Lair:1)
  9 cane toads
  2 rime drakes
  3 unseen horrors
  3 kobold demonologists
  A tengu conjurer (D:13)
  2 ice devils (D:11)
  5 komodo dragons
  5 trolls
  A hornet (shapeshifter) (D:14)
  A polar bear (Lair:3)
  A hornet (D:9)
  30 blink frogs
  A raiju (Lair:5)
  7 dream sheep
  10 slime creatures
  2 spriggans (shapeshifter)
  2 jumping spiders (Lair:2)
  33 yaks
  A spriggan (Lair:5)
  2 yaks (shapeshifter)
  3 ynoxinuls (Lair:5)
  3 shadows
  A centaur simulacrum (D:14)
  A vampire (D:12)
  12 wraiths
  3 wyverns
  4 humans (D:13)
  4 basilisks
  2 wargs (Orc:2)
  A fire elemental (D:14)
  2 steam dragons
  11 vampire mosquitoes
  2 redbacks (Lair:2)
  A chaos spawn (Lair:5)
  7 acid dragons
  16 water moccasins
  22 orc warriors
  2 laughing skulls (D:13)
  A sky beast (D:8)
  A black bear (shapeshifter) (D:13)
  10 small abominations (Lair:5)
  3 ogres
  2 black bears
  10 wolves
  4 ice beasts
  5 boggarts (D:14)
  6 centaurs
  2 kobold brigands
  Blork the orc (D:6)
  12 bullfrogs
  3 scorpions
  A gnoll sergeant (D:11)
  3 wights (D:9)
  11 killer bees
  An electric eel (Lair:3)
  7 howler monkeys
  3 bombardier beetles
  A gnoll bouda (D:8)
  4 hounds
  18 orc priests
  2 jellies
  2 iguanas
  A sleepcap (D:6)
  13 orc wizards
  9 adders
  8 gnolls
  2 river rats (Sewer)
  A shadow imp (D:8)
  2 white imps (D:7)
  2 dart slugs
  A ribbon worm (D:3)
  66 orcs
  8 endoplasms
  8 giant cockroaches
  7 goblins
  5 hobgoblins
  2 jackals (D:1)
  4 quokkas
  8 ball pythons
  3 bats
  4 frilled lizards (D:1)
  16 kobolds
  10 rats
622 creatures vanquished.

Vanquished Creatures (others)
  An orc wizard (Orc:2)
  21 fulminant prisms
22 creatures vanquished.

Grand Total: 644 creatures vanquished

Notes
Turn   | Place    | Note
-------+----------+-------------------------------------------
     0 | D:1      | jasper the Deep Elf Earth Elementalist began the quest for
                  | the Orb.
     0 | D:1      | Reached XP level 1. HP: 10/10 MP: 6/6
   162 | D:1      | Reached XP level 2. HP: 16/16 MP: 4/8
   323 | D:1      | Reached skill level 1 in Fighting
   371 | D:1      | You fall into a shaft and drop 1 floor!
   387 | D:2      | Reached XP level 3. HP: 20/20 MP: 6/9
   391 | D:2      | Learned a level 3 spell: Passwall
   395 | D:2      | Learned a level 3 spell: Stone Arrow
  1465 | D:3      | Found a transporter.
  1467 | D:3      | Noticed Krumphau's ghost (amateur DsMo)
  1493 | D:3      | Reached skill level 5 in Earth Magic
  1493 | D:3      | Reached XP level 4. HP: 26/26 MP: 6/10
  1647 | D:3      | Noticed an ogre
  1653 | D:3      | Killed an ogre
  1654 | D:3      | Reached XP level 5. HP: 30/30 MP: 8/11
  1713 | D:3      | Found a glowing drain.
  1722 | Sewer    | Entered a sewer
  1868 | Sewer    | Learned a level 3 spell: Mephitic Cloud
  2027 | Sewer    | Reached XP level 6. HP: 28/36 MP: 6/12
  2560 | D:3      | Noticed Robin
  2562 | D:3      | Noticed Ijyb
  2714 | D:4      | Found a staircase to the Ecumenical Temple.
  2728 | Temple   | Entered the Ecumenical Temple
  2761 | Temple   | Became a worshipper of Vehumet
  3008 | D:4      | Identified the +0 leather armour "Isopno Ymov" {Dex+3 SInv}
  3216 | D:5      | Entered Level 5 of the Dungeon
  3224 | D:5      | Reached XP level 7. HP: 32/41 MP: 10/13
  3691 | D:5      | Found a burning altar of Makhleb.
  3810 | D:5      | Reached skill level 5 in Conjurations
  3879 | D:5      | Reached skill level 1 in Air Magic
  3879 | D:5      | Reached skill level 1 in Alchemy
  3879 | D:5      | Reached XP level 8. HP: 7/48 MP: 9/14
  4303 | D:6      | Reached * piety under Vehumet
  4303 | D:6      | Offered knowledge of Sting by Vehumet.
  4539 | D:6      | Noticed Blork the orc
  4540 | D:6      | Found a broken altar of Ashenzari.
  4556 | D:6      | Killed Blork the orc
  4557 | D:6      | Reached skill level 5 in Fighting
  4725 | D:6      | Found an iron altar of Okawaru.
  4818 | D:6      | Reached skill level 5 in Spellcasting
  4823 | D:6      | Learned a level 4 spell: Fulminant Prism
  4947 | D:6      | Found a hide-covered altar of Uskayaw.
  5136 | D:6      | Learned a level 5 spell: Freezing Cloud
  5365 | D:7      | Noticed Jeremiah
  5729 | D:7      | Killed Jeremiah
  5730 | D:7      | Reached XP level 9. HP: 17/55 MP: 5/20
  6431 | D:8      | Reached skill level 1 in Ice Magic
  6569 | D:8      | Offered knowledge of Foxfire by Vehumet.
  6599 | D:8      | Reached ** piety under Vehumet
  6958 | D:8      | Reached XP level 10. HP: 61/61 MP: 17/21
  7360 | D:9      | Reached skill level 5 in Air Magic
  7367 | D:9      | Reached skill level 5 in Ice Magic
  7373 | D:9      | Offered knowledge of Inner Flame by Vehumet.
  7596 | D:9      | Identified a scroll of acquirement
  7596 | D:9      | Acquired the +3 Elemental Staff {ele, rElec rF+ rC+ AC+3}
  7596 | D:9      | Found the +3 Elemental Staff {ele, rElec rF+ rC+ AC+3}
  7603 | D:9      | Reached *** piety under Vehumet
  7696 | D:9      | Found a staircase to the Lair.
  7700 | D:9      | Reached skill level 10 in Conjurations
  7733 | D:9      | Found a sacrificial altar of Ru.
  7737 | D:9      | Noticed a two-headed ogre
  7743 | D:9      | Killed a two-headed ogre
  8122 | D:9      | Identified the +6 hand axe of Qissyor {flame, rC+ Str+5
                  | Stlth-}
  8176 | D:9      | Reached XP level 11. HP: 68/68 MP: 22/24
  8286 | D:9      | Noticed a two-headed ogre
  8291 | D:9      | Killed a two-headed ogre
  8449 | D:9      | Found a sparkling altar of Nemelex Xobeh.
  8767 | Lair:1   | Entered Level 1 of the Lair of Beasts
  8782 | D:10     | Entered Level 10 of the Dungeon
  9046 | D:10     | Noticed a two-headed ogre
  9053 | D:10     | Killed a two-headed ogre
  9200 | D:10     | Found an opulent altar of Gozag.
  9201 | D:10     | Found a white marble altar of Elyvilon.
  9456 | D:10     | Found a snail-covered altar of Cheibriados.
  9505 | D:10     | Found a shadowy altar of Dithmenos.
  9525 | D:10     | Found a basalt altar of Yredelemnul.
  9669 | D:11     | Noticed a two-headed ogre
  9673 | D:11     | Noticed a red ugly thing
  9676 | D:11     | Killed a two-headed ogre
  9677 | D:11     | Reached skill level 5 in Dodging
  9823 | D:11     | Found a staircase to the Orcish Mines.
  9827 | D:11     | Offered knowledge of Ignite Poison by Vehumet.
 10121 | D:11     | Reached skill level 10 in Spellcasting
 10418 | D:11     | Noticed a two-headed ogre
 10422 | D:11     | Killed a two-headed ogre
 10522 | D:11     | Killed a red ugly thing
 10677 | D:11     | Noticed a two-headed ogre
 10680 | D:11     | Killed a two-headed ogre
 10753 | D:11     | Reached **** piety under Vehumet
 11439 | Lair:1   | Noticed Urug
 11448 | Lair:1   | Killed Urug
 11449 | Lair:1   | Reached XP level 12. HP: 25/75 MP: 5/29
 11741 | Lair:1   | Offered knowledge of Fireball by Vehumet.
 11857 | Lair:1   | Learned a level 5 spell: Fireball
 11883 | Lair:1   | Noticed Maggie
 11888 | Lair:1   | Killed Maggie
 11889 | Lair:1   | Reached skill level 1 in Fire Magic
 12471 | Lair:1   | Noticed Gastronok
 12477 | Lair:1   | Killed Gastronok
 12900 | Lair:2   | Noticed Harold
 12907 | Lair:2   | Killed Harold
 13064 | Lair:2   | Reached skill level 5 in Fire Magic
 13483 | Lair:2   | Reached skill level 1 in Staves
 13781 | Lair:2   | Found a hole to the Spider Nest.
 14412 | Lair:3   | Noticed an eight-headed hydra
 14868 | Orc:1    | Entered Level 1 of the Orcish Mines
 15464 | Orc:2    | Entered Level 2 of the Orcish Mines
 15465 | Orc:2    | Found Odeiquh's Weapon Shop.
 15574 | Orc:2    | Reached ***** piety under Vehumet
 15786 | Orc:2    | Reached XP level 13. HP: 82/82 MP: 14/31
 15787 | Orc:2    | Offered knowledge of Orb of Destruction by Vehumet.
 15870 | Orc:2    | Reached skill level 5 in Staves
 15907 | Orc:1    | Learned a level 7 spell: Orb of Destruction
 15987 | Orc:2    | Reached skill level 10 in Fighting
 16369 | Orc:2    | Found a staircase to the Elven Halls.
 16521 | Orc:2    | Reached skill level 10 in Dodging
 17717 | Orc:2    | Found Tihumerch's Armour Boutique.
 17717 | Orc:2    | Found Soirpheem's Assorted Antiques.
 17719 | Orc:2    | Found Ikuti's Distillery.
 17719 | Orc:2    | Found Cob Ila's Distillery.
 17728 | Orc:2    | Bought a potion of curing for 39 gold pieces
 17728 | Orc:2    | Bought 2 potions of lignification for 78 gold pieces
 17728 | Orc:2    | Bought a potion of curing for 39 gold pieces
 17729 | Orc:2    | Bought a potion of haste for 110 gold pieces
 17729 | Orc:2    | Bought a potion of invisibility for 88 gold pieces
 17729 | Orc:2    | Bought a potion of curing for 33 gold pieces
 17729 | Orc:2    | Bought a potion of haste for 110 gold pieces
 17731 | Orc:2    | Bought a scroll labelled YTZIAGH YPSIA for 35 gold pieces
 17731 | Orc:2    | Bought a scroll labelled VAUNEU SY NOTAORIR for 35 gold
                  | pieces
 17731 | Orc:2    | Bought a scroll of teleportation for 105 gold pieces
 17731 | Orc:2    | Bought a scroll of immolation for 140 gold pieces
 19310 | Lair:3   | Found a runed translucent gate.
 19311 | Lair:3   | Found a runed translucent gate.
 19311 | Lair:3   | Noticed Ceno's ghost (journeyman OpSh)
 19312 | Lair:3   | Found a runed translucent gate.
 19314 | Lair:3   | Noticed a minotaur
 19562 | Lair:3   | Found a staircase to the Swamp.
 20790 | Lair:4   | Reached XP level 14. HP: 88/88 MP: 25/32
 20870 | Lair:4   | Found a staircase to the Slime Pits.
 21656 | Lair:5   | Entered Level 5 of the Lair of Beasts
 22642 | Lair:5   | Found the +7 mace of Variability {chaos, chaos arc}
 23592 | Lair:5   | Found a corrupted altar of Lugonu.
 23594 | Lair:5   | Found a one-way gate to the infinite horrors of the Abyss.
 24403 | D:12     | Identified the +2 pair of gloves "Tilecla" {rElec rC+}
 24522 | D:12     | Learned a level 5 spell: Yara's Violent Unravelling
 24580 | D:12     | Reached skill level 1 in Hexes
 24925 | D:12     | Offered knowledge of Ozocubu's Refrigeration by Vehumet.
 25102 | D:12     | Reached skill level 15 in Conjurations
 25286 | D:12     | Identified the +12 shortbow "Nanacus" {heavy, Dex+2}
 25342 | D:12     | Found Soxifur's Jewellery Shoppe.
 25347 | D:12     | Bought a +6 ring of intelligence for 540 gold pieces
 25612 | D:12     | Found Qaffesm's Distillery.
 25621 | D:12     | Bought 2 potions of curing for 84 gold pieces
 25621 | D:12     | Bought 2 potions of haste for 280 gold pieces
 25621 | D:12     | Bought 2 potions of haste for 280 gold pieces
 25621 | D:12     | Bought a potion of lignification for 42 gold pieces
 25621 | D:12     | Bought a potion of lignification for 42 gold pieces
 25621 | D:12     | Bought a potion of brilliance for 56 gold pieces
 25759 | D:12     | Reached skill level 5 in Hexes
 25851 | D:12     | Found Gemeudih's Book Shop.
 26255 | D:13     | HP: 2/91 [cyclops/large rock (14)]
 26562 | D:13     | Reached XP level 15. HP: 94/96 MP: 21/33
 26565 | D:13     | Learned a level 2 spell: Blink
 27118 | D:13     | Found a gate to the Vaults.
 28394 | D:14     | Found Egexasabb's Book Shop.
 28813 | D:14     | Reached skill level 15 in Spellcasting
 28978 | D:14     | Noticed Josephine
 28991 | D:14     | Killed Josephine
 29595 | D:15     | Entered Level 15 of the Dungeon
 29910 | D:15     | Found a staircase to the Depths.
 29917 | D:15     | Mangled by a stone giant

Illustrated notes

Levels and vault maps discovered:
D:1:      nzn_arrival_crosshair, layout_rooms
D:2:      layout_basic, minmay_small_reverse_x
D:3:      layout_loops_ring, portal_sewer_entry_e, gammafunk_ghost_mausoleum,
          serial_glass, glass_columns_c, glass_columns_a, item_on_display_a,
          nicolae_goblin_pals
D:4:      layout_rooms, minmay_temple_entry_wispy
D:5:      layout_cave_pools, lemuel_round_altar, corexii_item_surrounded_by_moat
D:6:      layout_basic, kennysheep_little_box, mainiacjoe_overflow_24_doors,
          amcnicky_altar_gilded, serial_glass, glass_columns_a, glass_columns_c,
          minmay_strange_pillars, due_unseen_surprise, uniq_blork_the_orc
D:7:      layout_rooms, uniq_jeremiah
D:8:      layout_loops_cross, minmay_manual_moon
D:9:      layout_loops_corners, nemelex_spade_bored_becter,
          mainiacjoe_overflow_catwalk, due_lair_maze_entry_diamond,
          enter_bailey_2
D:10:     layout_roguey, mainiacjoe_overflow_divided_tiny, cheibriados_altar_1,
          mainiacjoe_overflow_swirl
D:11:     layout_gridville, david_orc_3, portal_ice_cave_demonic_guard
D:12:     minmay_imperfect_grid, layout_irregular_city, serial_shops, shop,
          shop, shop, minmay_crystal_room
D:13:     layout_grid_maze, hellmonk_vaults_keyhole, minmay_joined_circles
D:14:     layout_stronghold, chequers_serial_rivers_room_a, serial_shops, shop,
          grunt_decor_cap, kennysheep_potato, uniq_josephine
D:15:     grunt_enter_depths_snipers, layout_loops_ring, serial_shops, shop,
          nicolae_the_louvre, grunt_ministairs_9
Temple:   minmay_temple_curvy_loop
Lair:1:   layout_layer_cave, hibernation_bobbens, uniq_maggie, uniq_urug,
          uniq_gastronok
Lair:2:   layout_cellular_growth, spider_nest_entry_a, uniq_harold
Lair:3:   beargit_carnivore_pack, layout_regular_city, minmay_swamp_entry_swarm,
          maelrawn_ghost_gauntlet_escape, serial_bayou_pond_b
Lair:4:   layout_concentric_octagons, slime_entry_1, grunt_megastairs_1
Lair:5:   hellmonk_lair_end_abyssal_woods, layout_cave_shapes
Orc:1:    layout_diamond_mine, nicolae_volcano_entry_s_turn,
          nicolae_orc_flooded_monolith
Orc:2:    grunt_orc_tribal_feast, layout_caves, serial_shops,
          nicolae_shop_tiny_glass

Skill      XL: |  1  2  3  4  5  6  7  8  9 10 11 12 13 14 15 |
---------------+----------------------------------------------+-----
Earth Magic    | 4 5 6 7 |  7.0
Fighting       | 1 2 3 4 5 6 7 8 9 10 11 12 | 12.7
Conjurations   | 2 5 7 10 12 15 | 15.1
Air Magic      | 1 2 4 5 |  5.0
Alchemy        | 1 3 4 |  4.0
Spellcasting   | 6 7 11 12 15 | 15.8
Ice Magic      | 3 5 |  5.0
Dodging        | 3 6 9 11 13 | 13.0
Fire Magic     | 5 |  5.0
Staves         | 4 5 |  5.0
Hexes          | 5 |  5.0
Stealth        | |  2.4

Action                     |  1- 3 |  4- 6 |  7- 9 | 10-12 | 13-15 || total
---------------------------+-------+-------+-------+-------+-------++-------
  Melee: Long sword        |       |     1 |       |       |       ||     1
         Dagger            |       |     2 |     1 |    10 |       ||    13
         Punch             |       |       |       |     7 |     1 ||     8
         Staff             |       |       |       |    23 |    33 ||    56
   Cast: Sandblast         |    55 |    74 |   130 |    64 |     5 ||   328
         Fulminant Prism   |       |       |    11 |    10 |       ||    21
         Stone Arrow       |       |       |    11 |   173 |   386 ||   570
         Mephitic Cloud    |       |       |     1 |     2 |     1 ||     4
         Freezing Cloud    |       |       |       |    78 |   157 ||   235
         Fireball          |       |       |       |     3 |    25 ||    28
         Orb of Destructio |       |       |       |       |    51 ||    51
         Blink             |       |       |       |       |     1 ||     1
  Evoke: Wand              |       |       |       |     5 |       ||     5
    Use: Potion            |       |     1 |     1 |     8 |     3 ||    13
         Scroll            |       |       |       |    23 |    11 ||    34
   Stab: Sleeping          |       |     1 |       |       |       ||     1
         Invisible         |       |       |       |     3 |       ||     3
 Armour: Robe              |     2 |    12 |    61 |   124 |   221 ||   420
  Dodge: Dodged            |    15 |    17 |    43 |   154 |   200 ||   429

Table legend: (Time is in decaauts)
 A = Elapsed time spent in this place.
 B = Non-inter-level travel time spent in this place.
 C = Inter-level travel time spent in this place.
 D = Time resting spent in this place.
 E = Time spent auto-exploring this place.
 F = Levels seen in this place.
 G = Mean time per level.
                   A        B        C        D        E       F      G
               +--------+--------+--------+--------+--------+-----+--------+
         Total |  30188 |  28841 |   1347 |   3316 |  22007 |  24 | 1257.8 |
       Dungeon |  16983 |  16268 |    715 |    741 |  13367 |  15 | 1132.2 |
        Temple |     66 |      2 |     64 |      0 |      0 |   1 |   66.0 |
          Lair |   9317 |   8882 |    435 |   1896 |   6108 |   5 | 1863.4 |
  Orcish Mines |   3315 |   3183 |    132 |    679 |   2182 |   2 | 1657.5 |
         Sewer |    505 |    505 |      0 |      0 |    348 |   1 |  505.0 |
               +--------+--------+--------+--------+--------+-----+--------+

Top non-repeatable levels by time:
  Lair:2: 2341 daAuts
    D:13: 2202 daAuts
   Orc:2: 2102 daAuts
  Lair:5: 2067 daAuts
  Lair:1: 2014 daAuts
    D:12: 1911 daAuts
    D:11: 1688 daAuts
  Lair:4: 1634 daAuts
     D:9: 1489 daAuts
    D:14: 1466 daAuts
     D:6: 1437 daAuts
  Lair:3: 1259 daAuts
   Orc:1: 1212 daAuts
     D:8: 1117 daAuts
     D:5: 987 daAuts
